holy shit that was good

Match 42384197
End
Construct Barracks
Riflemen Squad
Selects Armored Battlegroup
M1 Mortar Team
Grenade Package
Riflemen Squad
Air Support Center
Construct Medical Station
Construct Motor Pool
P-47 Strafing Run
P-47 Dive Bomb
M24 Chaffee Light Tank
Selects Strength in Steel
Selects Veteran Crews
Grasshopper Recon Run
M24 Chaffee Light Tank
P-47 Strafing Run
M24 Chaffee Light Tank
P-47 Strafing Run
Construct Tank Depot
M1918 Browning Automatic Rifles
Engineer Squad
Selects Seek and Destroy
Selects UNKNOWN (2160077)
ukalli
Sayamander 🐉
Sapiens
老木的春天
Valentine
Andra
Hold The Line!
JINUGI
0
0

Comments sign in to comment!

No comments posted yet!